 Dungeon Crawl Stone Soup version 0.17-a0-1838-g891d947 (webtiles) character file.

112 shakdrar the Shield-Bearer (level 4, -1/39 HPs)
             Began as a Minotaur Fighter on Sept 15, 2015.
             Slain by Grinder (2 damage)
             ... while paralysed by Grinder
             ... on level 3 of the Dungeon.
             The game lasted 00:07:40 (1958 turns).

shakdrar the Shield-Bearer (Minotaur Fighter)       Turns: 1958, Time: 00:07:40

Health: -1/39      AC: 13    Str: 21      XL:     4   Next: 64%
Magic:  3/3        EV:  2    Int:  6      God:
Gold:   155        SH:  0    Dex:  7 (9)  Spells: 0 memorised, 3 levels left

rFire  . . .     SeeInvis .     n - +0 war axe
rCold  . . .     Clarity  .     b - +0 scale mail
rNeg   . . .     SustAt   .     c - +0 shield
rPois  .         Gourm    .     (helmet restricted)
rElec  .         Spirit   .     (no cloak)
rCorr  .         Warding  .     i - +1 pair of gloves
rMut   .         Stasis   .     (no boots)
MR     .....                    (no amulet)
Stlth  ..........               (no ring)
                                (no ring)

@: paralysed, not resistant to hostile enchantments, extremely unstealthy
A: retaliatory headbutt, horns 2, iridescent scales 1, regeneration 1,
MP-powered wands
a: no special abilities


You were on level 3 of the Dungeon.
You were hungry.

You visited 1 branch of the dungeon, and saw 3 of its levels.

You collected 155 gold pieces.

Inventory:

Hand weapons
 a - a +0 war axe
 n - a +0 war axe (weapon)
Armour
 b - a +0 scale mail (worn)
 c - a +0 shield (worn)
 i - a +1 pair of gloves (worn)
Jewellery
 g - an uncursed ring of flight
 h - a +2 ring of evasion {unknown}
Scrolls
 f - 2 scrolls of amnesia
 j - 2 scrolls of magic mapping
 k - 2 scrolls of teleportation
 l - 3 scrolls of remove curse
Potions
 d - a potion of might
 m - a potion of flight {unknown}
Comestibles
 e - a bread ration


   Skills:
 - Level 3.6 Fighting
 - Level 2.4 Axes
 + Level 5.0 Armour
 + Level 5.5 Shields


You had 3 spell levels left.
You didn't know any spells.

Dungeon Overview and Level Annotations

Branches:
Dungeon (3/15)

Altars:
Cheibriados
Elyvilon
Qazlal

Annotations:
D:3 Grinder


Innate Abilities, Weirdness & Mutations

You reflexively headbutt those who attack you in melee.
You have a pair of horns on your head.
You are partially covered in iridescent scales (AC +4).
Your natural rate of healing is unusually fast.
You expend magic power (3 MP) to strengthen your wands.


Message History

You closely miss Grinder.
Grinder is lightly wounded.
Grinder hits you.
You writhe in agony.
You slash Grinder!
Grinder is moderately wounded.
Grinder hits you!
You writhe in agony.
* * * LOW HITPOINT WARNING * * *
Grinder gestures at you.
You suddenly lose the ability to move!
Grinder hits you.
* * * LOW HITPOINT WARNING * * *
You writhe in agony.
* * * LOW HITPOINT WARNING * * *
Grinder hits you.
* * * LOW HITPOINT WARNING * * *
Grinder gestures at you.
You shrug off the repeated paralysis!
Grinder says, "Don't move a muscle."
Grinder hits you.
You die...

#.#..#.#.###. #.#..#.#(#
#. .######## #.#..#<#.#
#† #.......#
#.#..#...###. #.......#
#.#........#. #.......#
#.#....###.#.
#.......####.########.#.
#......5...#..)...(.(.#.
#......@## ############.
#####.#†(#.# #. # #....#
#. #.#.###############.
#...................
###.################ #.#
#.# ..#


You could see Grinder.

Vanquished Creatures
  2 adders (D:2)
  2 oozes (D:2)
  2 worms (D:2)
  3 giant geckos
  A ball python (D:1)
  7 bats
  2 giant cockroaches (D:1)
  13 goblins
  14 hobgoblins
  11 kobolds
  2 quokkas
  7 giant newts
  3 rats
69 creatures vanquished.

Notes
Turn   | Place    | Note
--------------------------------------------------------------
     0 | D:1      | shakdrar the Minotaur Fighter began the quest for the Orb.
     0 | D:1      | Reached XP level 1. HP: 19/19 MP: 0/0
    92 | D:1      | Reached skill level 4 in Armour
   157 | D:1      | Reached XP level 2. HP: 26/26 MP: 1/1
   396 | D:1      | Reached XP level 3. HP: 28/31 MP: 2/2
   932 | D:2      | Found a snail-covered altar of Cheibriados.
  1004 | D:2      | Reached skill level 5 in Shields
  1026 | D:2      | Reached XP level 4. HP: 39/39 MP: 3/3
  1414 | D:2      | Reached skill level 5 in Armour
  1847 | D:3      | Found a white marble altar of Elyvilon.
  1848 | D:3      | Found a stormy altar of Qazlal.
  1932 | D:3      | Gained mutation: You expend magic power (3 MP) to strengthen your wands. [potion of mutation]
  1932 | D:3      | Gained mutation: Your natural rate of healing is unusually fast. [potion of mutation]
  1932 | D:3      | Gained mutation: You are partially covered in iridescent scales (AC +4). [potion of mutation]
  1940 | D:3      | Noticed Grinder
  1954 | D:3      | Paralysed by Grinder for 5 turns
  1956 | D:3      | HP: 1/39 [Grinder (3)]
  1958 | D:3      | Slain by Grinder

Vault maps used:
D:1:      tarquinn_simple_flora_water_e, kennysheep_pointless_box
D:2:      overflow_temple_1_default, st_stairs_4, minmay_goblin_outpost
D:3:      gammafunk_temple_overflow_pools, uniq_grinder, uniq_jessica

Action                   |  1- 3 |  4- 6 || total
-------------------------+-------+-------++-------
Melee: War axe           |   124 |    73 ||   197
  Use: Scroll            |     8 |     2 ||    10
       Potion            |     1 |     4 ||     5
  Eat: Chunk             |     1 |     2 ||     3
